 Dungeon Crawl Stone Soup version 0.28.0-43-g3370ac3207 (webtiles) character file.

Game seed: 18444947029469814570

940 issech the Cudgeller (level 7, -4/63 HPs)
             Began as a Troll Monk on Mar 20, 2022.
             Was a Priest of Hepliaklqana.
             Slain by a five-headed hydra (16 damage)
             ... on level 5 of the Dungeon.
             The game lasted 00:12:27 (3721 turns).

issech the Cudgeller (Troll Monk)                   Turns: 3721, Time: 00:12:28

Health: -4/63      AC:  4    Str: 20    XL:     7   Next: 88%
Magic:  6/6        EV: 14    Int: 10    God:    Hepliaklqana [***...]
Gold:   202        SH:  0    Dex: 11    Spells: 6/6 levels left

rFire   + . .      SeeInvis .   m - +6 mace of Xom {flame, rF+ rN+ Int+4 Dex-3}
rCold   . . .      Faith    .   (no shield)
rNeg    + . .      Spirit   .   q - +0 animal skin
rPois   .          Reflect  .   (helmet restricted)
rElec   .          Harm     .   (no cloak)
rCorr   .          Rampage  .   (gloves unavailable)
Will    .....                   (boots unavailable)
Stlth   ++........              (no amulet)
HPRegen 1.00/turn               x - +4 ring of evasion
MPRegen 0.10/turn               (no ring)

@: no status effects
A: reduced essence, large, unfitting armour, claws 3, regeneration 1, shaggy fur
1, tough skin 1
a: Renounce Religion, Recall Ancestor, Ancestor Identity, Transference


You were on level 5 of the Dungeon.
You worshipped Hepliaklqana.
Hepliaklqana was most pleased with you.
You visited 1 branch of the dungeon, and saw 6 of its levels.

You collected 202 gold pieces.

Inventory:

Hand Weapons
 a - a +0 mace
 b - a +1 hunting sling of freezing
 m - the +6 mace of Xom (weapon) {flame, rF+ rN+ Int+4 Dex-3}
   (You found it on level 2 of the Dungeon)

   It burns those it strikes, dealing additional fire damage.
   Int:       It affects your intelligence (+4).
   Dex:       It affects your dexterity (-3).
   rF:        It protects you from fire.
   rN:        It protects you from negative energy.
 p - a +0 hunting sling
 y - a +4 flail
Missiles
 d - 84 stones
 g - 75 sling bullets
 k - 6 boomerangs
 r - 6 poisoned darts
 t - 61 bolts
 u - 32 arrows
 v - 4 large rocks (quivered)
Armour
 q - a +0 animal skin (worn)
Jewellery
 x - a +4 ring of evasion (left claw)
 z - the amulet of Gin and Tonic {Faith Str-5 Int+7 SInv}
   (You found it on level 5 of the Dungeon)

   [amulet of faith]

   It allows you to gain divine favour quickly.
   Str:       It affects your strength (-5).
   Int:       It affects your intelligence (+7).
   SInv:      It lets you see invisible.
Wands
 w - a wand of polymorph (9)
Scrolls
 e - 2 scrolls of teleportation {unknown}
 f - 2 scrolls of identify {unknown}
 h - 4 scrolls of enchant weapon {unknown}
 i - 4 scrolls of noise {unknown}
 A - a scroll of blinking {unknown}
Potions
 c - 2 potions of invisibility {unknown}
 j - a potion of curing {unknown}
 l - 2 potions of heal wounds {unknown}
 n - 2 potions of might {unknown}
 o - a potion of brilliance {unknown}
 s - a potion of haste {unknown}


   Skills:
 + Level 4.0 Fighting
 + Level 6.0 Maces & Flails
 + Level 0.6 Throwing
 + Level 4.0 Dodging
 + Level 2.4 Stealth


You had 6 spell levels left.
You didn't know any spells.
Your spell library contained the following spells:

 Spells                   Type           Power      Damage    Failure   Level
 Animate Skeleton         Necr           0%         N/A       36%         1
 Apportation              Tloc           0%         N/A       36%         1
 Beastly Appendage        Tmut           0%         N/A       36%         1
 Summon Small Mammal      Summ           0%         N/A       36%         1
 Wereblood                Tmut           0%         N/A       50%         2
 Dazzling Flash           Conj/Hex       0%         N/A       75%         3
 Portal Projectile        Hex/Tloc       0%         N/A       75%         3
 Spider Form              Tmut/Pois      0%         N/A       75%         3
 Agony                    Necr           0%         N/A       100%        5
 Blade Hands              Tmut           0%         N/A       100%        5
 Excruciating Wounds      Necr           0%         N/A       100%        5
 Silence                  Hex/Air        0%         N/A       100%        5


Dungeon Overview and Level Annotations

Branches:
Dungeon (6/15)
 Temple: D:4-7

Altars:
Hepliaklqana

Annotations:
D:6 Maggie


Innate Abilities, Weirdness & Mutations

Your life essence is reduced to manifest your ancestor. (-10% HP)
You are too large for most types of armour.
You have claws for hands.
Your natural rate of healing is unusually fast.
You are covered in fur. (AC +1)
You have tough skin. (AC +1)


Message History

Level annotation: Maggie
There is a stone staircase leading up here.
The five-headed hydra bites you!
The five-headed hydra closely misses you.
The five-headed hydra misses you.
The five-headed hydra bites you but does no damage.
The five-headed hydra bites you!
Cuahtemoc points at the five-headed hydra and mumbles some strange words.
The puff of frost hits the five-headed hydra!
You climb upwards.
There is a stone staircase leading down here.
The five-headed hydra roars!
You sock the five-headed hydra! You burn the five-headed hydra.
The five-headed hydra is moderately wounded.
The five-headed hydra bites you. The five-headed hydra bites you!
The five-headed hydra bites you. The five-headed hydra bites you! x2
* * * LOW HITPOINT WARNING * * *
You thump the five-headed hydra! You burn the five-headed hydra.
The five-headed hydra is heavily wounded.
The five-headed hydra bites you.
* * * LOW HITPOINT WARNING * * *
The five-headed hydra closely misses you.
The five-headed hydra bites you.
* * * LOW HITPOINT WARNING * * *
The five-headed hydra bites you but does no damage.
The five-headed hydra barely misses you.
Cuahtemoc hits the five-headed hydra with a +0 quarterstaff!!
The five-headed hydra bites Cuahtemoc!
The five-headed hydra bites Cuahtemoc.
The five-headed hydra bites Cuahtemoc! x2
Cuahtemoc is destroyed!
Throw: 5 large rocks
Press: ? - help, Q - select action, (/) - cycle Shift-Dir - straight line, f - five-headed hydra
Aim: a five-headed hydra (severely wounded, 77% to hit)
You throw a large rock.
The large rock hits the five-headed hydra!
The five-headed hydra is almost dead.
The five-headed hydra bites you but does no damage.
The five-headed hydra barely misses you.
The five-headed hydra bites you!
You die...

# #.#####.##.........#########
# ##.# #>..............<....##
# #..# ###...............##...
# #.## #...............####. #
#.# ######...............# ## #
##.# #........###.........# #.
# #..# #........# #.........#
##. # #.##
#........###.....#######..
###.#
#........@D(.............#
.##.##
#...............>....#####
.....###.......)..)[...[....#
##....#####.######..........#
##.##...............#.......###
##.#######....................#
...### ##.#######.#########.#
#....# ##.# #.#########.###
.....# ##..# #....##...#...#


You could see a five-headed hydra.

Vanquished Creatures
  A black bear (D:4)
  An ice beast (D:5)
  A necrophage (D:4)
  2 scorpions
  A centaur zombie (D:5)
  A hound (D:5)
  An iguana (D:5)
  An orc wizard (D:5)
  A hound skeleton (D:4)
  Robin (D:3)
  2 gnolls (D:4)
  3 adders
  4 dart slugs
  6 orcs
  5 ball pythons
  8 endoplasms
  A giant cockroach (D:1)
  12 goblins
  8 hobgoblins
  3 quokkas
  4 bats
  7 frilled lizards
  7 kobolds
  7 rats
88 creatures vanquished.

Vanquished Creatures (collateral kills)
  A necrophage (D:5)
  A centaur (D:5)
  A phantom (D:5)
  2 gnolls (D:4)
  An adder (D:4)
  4 orcs (D:5)
  A giant cockroach (D:3)
  A hobgoblin (D:3)
  A quokka (D:4)
  A frilled lizard (D:3)
  2 rats (D:3)
16 creatures vanquished.

Vanquished Creatures (others)
  A battlemage (D:5)
  3 plants (D:1)
4 creatures vanquished.

Grand Total: 108 creatures vanquished

Notes
Turn   | Place    | Note
-------+----------+-------------------------------------------
     0 | D:1      | issech the Troll Monk began the quest for the Orb.
     0 | D:1      | Reached XP level 1. HP: 22/22 MP: 0/0
   263 | D:1      | Reached XP level 2. HP: 29/29 MP: 1/1
   409 | D:1      | Reached skill level 3 in Maces & Flails
   774 | D:2      | Reached XP level 3. HP: 36/36 MP: 2/2
   796 | D:2      | Identified the +6 mace of Xom {flame, rF+ rN+ Int+4 Dex-3}
  1372 | D:3      | Noticed a scorpion
  1380 | D:3      | Killed a scorpion
  1381 | D:3      | Reached XP level 4. HP: 25/45 MP: 3/3
  1525 | D:3      | Noticed Robin
  1550 | D:3      | Killed Robin
  1554 | D:3      | Reached XP level 5. HP: 53/53 MP: 4/4
  1564 | D:3      | Reached skill level 4 in Maces & Flails
  1625 | D:3      | Found a hazy altar of Hepliaklqana.
  1633 | D:3      | Became a worshipper of Hepliaklqana the Forgotten
  1633 | D:3      | Reached * piety under Hepliaklqana
  1633 | D:3      | Reached ** piety under Hepliaklqana
  1634 | D:3      | Remembered your ancestor Cuahtemoc as a battlemage
  2079 | D:3      | Found a faded altar of an unknown god.
  2431 | D:4      | Noticed a black bear
  2437 | D:4      | Killed a black bear
  2726 | D:4      | Reached XP level 6. HP: 54/54 MP: 5/5
  2865 | D:4      | Reached skill level 5 in Maces & Flails
  2878 | D:4      | Reached *** piety under Hepliaklqana
  3100 | D:5      | Entered Level 5 of the Dungeon
  3100 | D:5      | Noticed an ice beast
  3104 | D:5      | Killed an ice beast
  3165 | D:5      | Reached XP level 7. HP: 61/61 MP: 6/6
  3407 | D:5      | Identified the amulet of Gin and Tonic {Faith Str-5 Int+7
                  | SInv}
  3549 | D:5      | Reached skill level 6 in Maces & Flails
  3693 | D:6      | Noticed Maggie
  3693 | D:6      | Noticed a five-headed hydra
  3713 | D:5      | HP: 3/63 [five-headed hydra (3)]
  3721 | D:5      | Slain by a five-headed hydra

Illustrated notes

Levels and vault maps discovered:
D:1:      erik_arrival_cave_to_civilisation [erik_arrival_cave_to_hall],
          layout_rooms, kennysheep_boxes
D:2:      layout_loops_ring, minmay_tree_intersection
D:3:      layout_basic, nicolae_hepliaklqana_hippocampus,
          ebering_ecumenical_altar_hall, uniq_robin
D:4:      layout_cave_pods, minmay_curled_crystal
D:5:      layout_rooms, mrwooster_statue_mirror, serial_park_tiny_2
D:6:      layout_rooms, minmay_temple_entry_stoned_glass,
          uniq_crazy_yiuf_cottage, uniq_maggie

Skill      XL: |  1  2  3  4  5  6  7 |
---------------+----------------------+-----
Maces & Flails | 3 4 5 6 |  6.0
Fighting       | 3 4 |  4.0
Dodging        | 3 4 |  4.0
Stealth        | 2 |  2.4
Throwing       | |  0.6

Action                   |  1- 3 |  4- 6 |  7- 9 || total
-------------------------+-------+-------+-------++-------
Melee: Mace              |   104 |    70 |    24 ||   198
       Punch             |     1 |     1 |       ||     2
Throw: Large rock        |       |     2 |     1 ||     3
Invok: Ancestor Life: Ba |       |     1 |       ||     1
 Stab: Sleeping          |     2 |     2 |       ||     4
Armor: Robe              |    48 |    11 |       ||    59
       Animal skin       |       |    11 |    13 ||    24
Dodge: Dodged            |    70 |    28 |    33 ||   131
